 Dungeon Crawl Stone Soup version 0.18-a0-775-g4d9e04e (webtiles) character file.

67 schwarzrotes the Bolt Thrower (level 3, -7/30 HPs)
             Began as a Minotaur Hunter on Dec 13, 2015.
             Mangled by a worm (11 damage)
             ... on level 2 of the Dungeon.
             The game lasted 00:05:13 (948 turns).

schwarzrotes the Bolt Thrower (Minotaur Hunter)      Turns: 948, Time: 00:05:14

Health: -7/30      AC:  3    Str: 16    XL:     3   Next: 98%
Magic:  2/2        EV: 12    Int:  8    God:
Gold:   94         SH:  0    Dex: 11    Spells: 0 memorised, 2 levels left

rFire  + . .     SeeInvis .     a - +1 hand crossbow
rCold  + . .     Clarity  .     c - +0 leather armour
rNeg   . . .     SustAt   .     (no shield)
rPois  +         Gourm    .     (helmet restricted)
rElec  +         Spirit   .     (no cloak)
rCorr  +         Dismiss  .     (no gloves)
rMut   .         Stasis   .     (no boots)
MR     .....                    (no amulet)
Stlth  +.........               (no ring)
                                (no ring)

@: resistant, very slightly contaminated, hasted, very quick, not resistant to
hostile enchantments, very unstealthy
A: retaliatory headbutt, horns 2
a: no special abilities


You were on level 2 of the Dungeon.
You were not hungry.

You visited 1 branch of the dungeon, and saw 2 of its levels.

You collected 94 gold pieces.

Inventory:

Hand Weapons
 a - a +1 hand crossbow (weapon)
 b - a +0 short sword
Missiles
 d - 6 bolts (quivered)
 n - 19 sling bullets
Armour
 c - a +0 leather armour (worn)
Jewellery
 i - a cursed ring of teleportation {unknown}
Wands
 m - a wand of polymorph (4)
Scrolls
 e - a scroll of identify {unknown}
 g - a scroll of enchant weapon {unknown}
 j - a scroll of remove curse
Comestibles
 f - a bread ration
 l - a chunk of flesh


   Skills:
 * Level 2.7 Fighting
 * Level 5.7 Crossbows
 + Level 0.2 Armour
 + Level 2.7 Dodging
 + Level 0.7 Stealth


You had 2 spell levels left.
You didn't know any spells.

Dungeon Overview and Level Annotations

Branches:
Dungeon (2/15)

Altars:


Innate Abilities, Weirdness & Mutations

You reflexively headbutt those who attack you in melee.
You have a pair of horns on your head.


Message History

You clumsily bash the worm but do no damage.
Your headbutt misses the worm. The worm bites you.
* * * LOW HITPOINT WARNING * * *
Drink which item? (? for menu, Esc to quit)
It was a potion of resistance.
You feel protected.
Drink which item? (? for menu, Esc to quit)
It was a potion of haste.
You feel yourself speed up. The worm bites you.
* * * LOW HITPOINT WARNING * * *
You are very lightly contaminated with residual magic.
You barely miss the worm.
You clumsily bash the worm but do no damage.
The worm misses you. You furiously retaliate!
You headbutt the worm, but do no damage.
You clumsily bash the worm but do no damage.
You clumsily bash the worm but do no damage.
The worm bites you.
* * * LOW HITPOINT WARNING * * *
You completely miss the worm. The worm bites you!
You die...

.......†..##.#
#..........#
####$......### #......
.....##...#### #......
.............## #......
......##..##.....##......
.....# #...# ###.##......
...$. #w#.# #.##...#.#
.... #@..#####..#...#.#
... ##..#.........#..#
... #..#.#.........#† .
##.....###...###. .
#####....####..####. .
#......#.# #......#.
#.#.####.###...##... #..
#..... #.##......... ##
##.##..#.#
###.##.###.#...


You could see a worm.

Vanquished Creatures
  Natasha (thrice) (D:2)
  An adder (D:2)
  A worm (D:2)
  A giant cockroach (D:1)
  3 goblins
  2 hobgoblins
  2 ball pythons (D:2)
  3 bats (D:2)
  3 kobolds
  4 rats
23 creatures vanquished.

Notes
Turn   | Place    | Note
--------------------------------------------------------------
     0 | D:1      | schwarzrotes the Minotaur Hunter began the quest for the Orb.
     0 | D:1      | Reached XP level 1. HP: 18/18 MP: 0/0
   743 | D:2      | Reached XP level 2. HP: 25/25 MP: 1/1
   815 | D:2      | Reached skill level 5 in Crossbows
   830 | D:2      | Noticed Natasha
   836 | D:2      | Killed Natasha
   836 | D:2      | Reached XP level 3. HP: 22/30 MP: 2/2
   877 | D:2      | Noticed Natasha
   879 | D:2      | Killed Natasha
   909 | D:2      | Noticed Natasha
   922 | D:2      | Killed Natasha
   948 | D:2      | Mangled by a worm

Vault maps used:
D:1:      dpeg_arrival_round_a
D:2:      uniq_natasha

Action                   || total
-------------------------++-------
Melee: Hand crossbow     ||    14
       Unarmed           ||     7
 Fire: Hand crossbow     ||    52
  Use: Scroll            ||     3
       Potion            ||     2
